 Dungeon Crawl Stone Soup version 0.25-a0-1133-g93ebf73 (webtiles) character file.

Game seed: 12559402113314331527, levelgen mode: deterministic

3158 BlueFish the Covert (level 9, 0/59 HPs)
             Began as an Octopode Warper on May 20, 2020.
             Was an Elder of Cheibriados.
             Killed from afar by Erica (20 damage)
             ... with a lance of force
             ... on level 8 of the Dungeon.
             The game lasted 00:25:57 (8288 turns).

BlueFish the Covert (Octopode Warper)               Turns: 8288, Time: 00:25:58

Health: 0/59       AC:  1    Str: 22    XL:     9   Next: 94%
Magic:  14/14      EV: 17    Int: 24    God:    Cheibriados [****..]
Gold:   348        SH:  0    Dex: 21    Spells: 5/15 levels left

rFire    . . .     SeeInvis .     - Unarmed
rCold    . . .     Gourm    .   (no shield)
rNeg     . . .     Faith    .   (helmet restricted)
rPois    .         Spirit   .   p - amulet of magic regeneration
rElec    .         Reflect  .   (no ring)
rCorr    .         Harm     .   (no ring)
MR       .....                  (no ring)
Stlth    +++++.....             (no ring)
HPRegen  0.19/turn              (no ring)
MPRegen  0.39/turn              (no ring)
                                (no ring)
                                (no ring)

@: lethally poisoned (0 -> -5), shrouded, very slow
A: almost no armour, stealthy swim, amphibious, 8 rings, constrict 8, camouflage
1, gelatinous body 1
a: Bend Time, Temporal Distortion, Slouch, Renounce Religion


You were on level 8 of the Dungeon.
You worshipped Cheibriados.
Cheibriados was greatly pleased with you.
You were hungry.

You visited 1 branch of the dungeon, and saw 8 of its levels.

You collected 348 gold pieces.

Inventory:

Missiles
 c - 5 boomerangs of dispersal
 j - 107 arrows
 k - 114 stones
 m - 2 boomerangs
 t - 2 poisoned darts (quivered)
 u - 8 javelins
 w - a throwing net
Jewellery
 l - an uncursed amulet of faith
 p - an amulet of magic regeneration (around mantle)
Wands
 q - a wand of acid (4)
Scrolls
 a - a scroll of enchant armour
 b - 3 scrolls of blinking
 g - 2 scrolls of amnesia
 i - 3 scrolls of remove curse
 n - a scroll of enchant weapon
 r - 6 scrolls of teleportation
Potions
 e - a potion of lignification
 f - a potion of brilliance
 h - 2 potions of mutation
 o - a potion of haste {unknown}
 s - 8 potions of curing
 v - a potion of heal wounds {unknown}
Comestibles
 d - 15 rations


   Skills:
 * Level 4.6 Fighting
 * Level 4.1 Throwing
 * Level 5.0 Dodging
 * Level 8.0 Stealth
 * Level 6.5 Unarmed Combat
 + Level 3.7 Spellcasting
 + Level 2.6 Charms
 * Level 5.3 Translocations
 * Level 3.9 Invocations


You had 5 spell levels left.
You knew the following spells:

 Your Spells              Type           Power        Failure   Level  Hunger
a - Shroud of Golubria    Chrm/Tloc      ###...       3%          2    #......
b - Blink                 Tloc           N/A          1%          2    #......
c - Lesser Beckoning      Tloc           ####......   3%          3    ###....
d - Teleport Other        Tloc           ####....     3%          3    ###....

Your spell library contained the following spells:

 Spells                   Type           Power        Failure   Level  Hunger
 Gell's Gravitas          Tloc           ####......   3%          3    ###....
 Passage of Golubria      Tloc           N/A          11%         4    ####...


Dungeon Overview and Level Annotations

Branches:
Dungeon (8/15)             Temple (0/1) D:6
   Lair: D:8-11

Altars:
Cheibriados
Elyvilon
Fedhas
Gozag
Kikubaaqudgha
Qazlal
Ru
Sif Muna
Uskayaw
Wu Jian
Xom
The Shining One

Annotations:
D:4 3 runed translucent doors, barkas's ghost, novice GrVM
D:8 Erica


Innate Abilities, Weirdness & Mutations

You cannot wear most types of armour.
You are very stealthy in the water. (Stealth+)
You are amphibious.
You can wear up to eight rings at the same time.
You can use your tentacles to constrict eight enemies at once.
Your skin changes colour to match your surroundings (Stealth+).
Your rubbery body absorbs attacks. (AC +1, EV +1)


Message History

Something burns you.
Casting: Shroud of Golubria (safe; 3% risk of failure)
Confirm with . or Enter, or press ? or * to list all spells.
Space distorts slightly along a thin shroud covering your body.
Your shroud bends something's attack away!
You tentacle-slap something.
You hear some strange, mumbled words.
A bolt of poison appears from out of thin air!
The bolt of poison hits you!!
You are poisoned.
You bludgeon something! You squeeze something!
You feel sick.
You miss something. You squeeze something.
You feel sick. Something barely misses you.
You tentacle-slap something. Your squeeze misses something.
Your shroud bends something's attack away.
You closely miss something.
You feel sick.
You hear some strange, mumbled words.
A lance of force appears from out of thin air!
The lance of force hits you!!
You die...

.(. #.# #.#
... #(# #.#
#{# #@# #.#
########
####.#
.<.....#
#....#
.#####.###
#.####
.........#
#.#
...##..#.#
#.#
##.##..#.##
#.#
#........#
#.########


There were no monsters in sight!

Vanquished Creatures
  Prince Ribbit (D:7)
  Sigmund (D:2)
  Menkaure (D:5)
  A hungry ghost (D:7)
  Edmund (D:6)
  Duvessa (D:7)
  4 orc warriors
  A sky beast (D:8)
  A phantom (D:7)
  An ogre (D:6)
  4 centaurs
  6 bullfrogs
  Dowan (D:7)
  2 vampire bats (D:7)
  A crimson imp (D:7)
  4 jellies
  A quasit (D:7)
  A centaur zombie (D:7)
  6 orc priests
  3 orc wizards
  Crazy Yiuf (D:7)
  Terence (D:2)
  An iguana (D:6)
  4 worker ants
  A worker ant zombie (D:6)
  7 gnolls
  3 adders
  2 shadow imps
  An ooze (D:2)
  3 adder skeletons
  2 worms (D:2)
  2 dart slugs (D:1)
  2 leopard geckos
  15 orcs
  9 bats
  2 bat skeletons (D:7)
  3 bat zombies (D:7)
  4 giant cockroaches
  8 goblins
  5 hobgoblins
  14 jackals
  11 kobolds
  4 quokkas
  8 frilled lizards
  2 quokka skeletons
  11 rats
168 creatures vanquished.

Notes
Turn   | Place    | Note
-------+----------+-------------------------------------------
     0 | D:1      | BlueFish the Octopode Warper began the quest for the Orb.
     0 | D:1      | Reached XP level 1. HP: 14/14 MP: 3/3
   114 | D:1      | Reached XP level 2. HP: 12/19 MP: 5/5
   497 | D:1      | Reached skill level 1 in Stealth
   593 | D:1      | Reached XP level 3. HP: 24/24 MP: 6/6
   597 | D:1      | Learned a level 2 spell: Shroud of Golubria
   600 | D:1      | Learned a level 2 spell: Blink
  1102 | D:2      | Noticed Terence
  1119 | D:2      | Killed Terence
  1119 | D:2      | Reached skill level 2 in Stealth
  1119 | D:2      | Reached XP level 4. HP: 14/29 MP: 5/7
  1390 | D:2      | Upgraded the game from 0.25-a0-1130-g3926558 to
                  | 0.25-a0-1133-g93ebf73
  1421 | D:2      | Found a glowing golden altar of the Shining One.
  1461 | D:2      | Learned a level 3 spell: Lesser Beckoning
  1603 | D:2      | Noticed Sigmund
  1615 | D:2      | Killed Sigmund
  1615 | D:2      | Reached skill level 4 in Stealth
  1615 | D:2      | Reached XP level 5. HP: 15/35 MP: 2/8
  1615 | D:2      | Reached XP level 6. HP: 18/41 MP: 2/9
  1788 | D:2      | Found a sacrificial altar of Ru.
  2057 | D:2      | Found a snail-covered altar of Cheibriados.
  2074 | D:2      | Became a worshipper of Cheibriados the Contemplative
  2231 | D:3      | You fall into a shaft and drop 1 floor!
  2476 | D:3      | Reached * piety under Cheibriados
  2764 | D:3      | You fall into a shaft and drop 3 floors!
  2766 | D:6      | Found an ornate altar of the Wu Jian Council.
  2791 | D:6      | Found a hide-covered altar of Uskayaw.
  2807 | D:6      | Found a stormy altar of Qazlal.
  2816 | D:6      | Noticed Edmund
  3125 | D:6      | Reached XP level 7. HP: 45/45 MP: 7/10
  3203 | D:5      | Entered Level 5 of the Dungeon
  3231 | D:5      | Noticed Menkaure
  3236 | D:4      | Found a runed translucent gate.
  3236 | D:4      | Found a runed translucent gate.
  3298 | D:4      | Found a runed translucent gate.
  3302 | D:4      | Reached skill level 1 in Charms
  3313 | D:4      | Noticed barkas's ghost (novice GrVM)
  3671 | D:3      | Learned a level 3 spell: Teleport Other
  4219 | D:4      | Reached ** piety under Cheibriados
  4375 | D:4      | Found an opulent altar of Gozag.
  4613 | D:4      | Found a shimmering blue altar of Sif Muna.
  4928 | D:5      | Killed Menkaure
  4928 | D:5      | Reached skill level 5 in Stealth
  4928 | D:5      | Reached skill level 1 in Invocations
  5010 | D:5      | Got an iridescent mace
  5285 | D:5      | Found a blossoming altar of Fedhas.
  5492 | D:6      | Found a stormy altar of Qazlal.
  5581 | D:6      | Reached skill level 6 in Stealth
  5581 | D:6      | Reached XP level 8. HP: 52/52 MP: 12/12
  6093 | D:6      | Found a staircase to the Ecumenical Temple.
  6108 | D:6      | Reached *** piety under Cheibriados
  6149 | D:6      | Reached skill level 5 in Unarmed Combat
  6161 | D:6      | Killed Edmund
  6373 | D:7      | Found a runed translucent door.
  6374 | D:7      | Noticed Crazy Yiuf
  6403 | D:7      | Killed Crazy Yiuf
  6558 | D:7      | Reached XP level 9. HP: 58/58 MP: 13/13
  6622 | D:7      | Noticed Duvessa
  6639 | D:7      | Reached skill level 7 in Stealth
  6658 | D:7      | Killed Duvessa
  6787 | D:7      | Found a white marble altar of Elyvilon.
  6821 | D:7      | Noticed Dowan
  6836 | D:7      | Killed Dowan
  6857 | D:7      | Reached skill level 5 in Translocations
  7297 | D:7      | Found an ancient bone altar of Kikubaaqudgha.
  7400 | D:7      | Noticed Prince Ribbit
  7410 | D:7      | Killed Prince Ribbit
  7410 | D:7      | Reached **** piety under Cheibriados
  8020 | D:7      | Reached skill level 5 in Dodging
  8036 | D:7      | Reached skill level 8 in Stealth
  8143 | D:8      | Found a shimmering altar of Xom.
  8270 | D:8      | Noticed Erica
  8288 | D:8      | Killed from afar by Erica

Illustrated notes

Levels and vault maps discovered:
D:1:      moated_graveyard_arrival, layout_basic, chequers_serial_rivers_small_3
D:2:      layout_rooms, tso_altar, cheibriados_altar_1,
          nicolae_overflow_crystal_walls, uniq_sigmund, uniq_terence
D:3:      minmay_wonky_spiral, layout_basic
D:4:      layout_basic, old_standard_altar, gammafunk_ghost_split, first_ration,
          nicolae_gozag_seed_capital
D:5:      layout_basic, lemuel_coloured_pillars_altar, uniq_menkaure
D:6:      layout_loops_cross, eat_drink_and_be_merry_uskayaw,
          lemuel_round_altar, lemuel_crystal_altar,
          minmay_temple_entry_glassed_door, grunt_qazlal_sundering, uniq_edmund
D:7:      layout_loops_ring, nicolae_overflow_hidden_temple, elyvilon_altar_5,
          kennysheep_vampire_church, uniq_crazy_yiuf_cottage,
          uniq_prince_ribbit1, uniq_duvessa
D:8:      layout_loops_ring, basic_altar, uniq_erica, uniq_maggie, uniq_maurice

Skill      XL: |  1  2  3  4  5  6  7  8  9 |
---------------+----------------------------+-----
Stealth        | 1 2 4 6 8 |  8.0
Dodging        | 3 4 5 |  5.0
Throwing       | 2 3 4 |  4.1
Unarmed Combat | 3 4 5 6 |  6.5
Fighting       | 3 4 |  4.6
Charms         | 1 2 |  2.6
Invocations    | 1 2 3 |  3.9
Translocations | 4 5 |  5.3
Spellcasting   | 3 |  3.7

Action                   |  1- 3 |  4- 6 |  7- 9 || total
-------------------------+-------+-------+-------++-------
Melee: Unarmed           |    70 |   104 |   270 ||   444
       Constrict         |    17 |    29 |    54 ||   100
       Tentacles         |     8 |    25 |    80 ||   113
       Punch             |       |     6 |    20 ||    26
Throw: Dart              |       |       |    27 ||    27
       Stone             |       |       |    31 ||    31
 Cast: Shroud of Golubri |     1 |    20 |    66 ||    87
       Lesser Beckoning  |       |       |     7 ||     7
Invok: Bend Time         |       |       |     2 ||     2
  Use: Potion            |       |     2 |       ||     2
       Scroll            |       |     8 |    13 ||    21
 Stab: Sleeping          |    13 |     7 |    29 ||    49
  Eat: Chunk             |       |     7 |     8 ||    15
       Ration            |       |       |     1 ||     1
Armor: Skin              |     6 |     3 |     9 ||    18
Dodge: Dodged            |    38 |    85 |   146 ||   269

Table legend:
 A = Non-vault XP
 B = Vault XP
 C = Vault XP percentage of total XP
 D = Non-vault monster count
 E = Vault monster count
 F = Vault count percentage of total count
                 A         B        C        D         E       F
            +---------+---------+-------+---------+---------+-------
      Total |    3280 |    1232 |  27.3 |     149 |      19 |  11.3
            +---------+---------+-------+---------+---------+-------
        D:1 |      53 |       0 |   0.0 |      30 |       0 |   0.0
        D:2 |      42 |     267 |  86.4 |      19 |       2 |   9.5
        D:3 |      80 |       5 |   5.9 |      24 |       4 |  14.3
        D:4 |      19 |       0 |   0.0 |       8 |       0 |   0.0
        D:5 |      58 |     172 |  74.8 |       4 |       1 |  20.0
        D:6 |    1208 |     147 |  10.8 |      31 |       1 |   3.1
        D:7 |    1691 |     641 |  27.5 |      32 |      11 |  25.6
        D:8 |     129 |       0 |   0.0 |       1 |       0 |   0.0
            +---------+---------+-------+---------+---------+-------
